 Dungeon Crawl Stone Soup version 0.31.0-32-g396128a36d (webtiles) character file.

Game seed: 6934690147839013515

373 0gre the Chiller (level 6, -5/44 HPs)
             Began as a Gnoll Ice Elementalist on Apr 17, 2024.
             Was an Initiate of Gozag.
             Slain by Duvessa
             ... wielding a +0 rapier
              (9 damage)
             ... on level 4 of the Dungeon.
             The game lasted 00:15:05 (2728 turns).

0gre the Chiller (Gnoll Ice Elementalist)           Turns: 2728, Time: 00:15:05

Health: -5/44      AC:  4    Str:  7    XL:     6   Next: 71%
Magic:  12/14      EV: 14    Int: 14    God:    Gozag
Gold:   195        SH:  0    Dex: 15    Spells: 8/15 levels left

rFire   . . .        a - +0 falchion
rCold   . . .        (no shield)
rNeg    . . .        d - +0 robe
rPois   .            m - +0 helmet
rElec   .            (no cloak)
rCorr   .            n - +0 pair of gloves
SInv    .            (no boots)
Will    .....        (no amulet)
Stlth   +++          (no ring)
HPRegen 0.27/turn    (no ring)
MPRegen 0.14/turn

%: no passive effects
@: gold aura, freezing walls
A: fangs 1, strong nose, distributed training
a: Renounce Religion, Potion Petition, Call Merchant, Bribe Branch


You were on level 4 of the Dungeon.
You worshipped Gozag.
Gozag was aware of your devotion.
You visited 1 branch of the dungeon, and saw 4 of its levels.

You collected 254 gold pieces.
You paid 59 gold pieces to Gozag.

Inventory:

Hand Weapons
 a - a +0 falchion (weapon)
 b - a +0 sling
 c - a +0 halberd
Missiles
 j - 4 poisoned darts (quivered)
Armour
 d - a +0 robe (worn)
 m - a +0 helmet (worn)
 n - a +0 pair of gloves (worn)
Scrolls
 f - 2 scrolls of teleportation {unknown}
 h - a scroll of noise {unknown}
 k - a scroll of poison {unknown}
 o - 2 scrolls of revelation {unknown}
 p - a scroll of fog {unknown}
 s - a scroll of blinking {unknown}
Potions
 e - 3 potions of enlightenment
 g - 2 potions of lignification {unknown}
 i - a potion of haste
 l - 2 potions of magic
 q - a potion of degeneration {unknown}
 r - 4 potions of cancellation


   Skills:
 + Level 2.1 Fighting
 + Level 2.1 Short Blades
 + Level 2.1 Long Blades
 + Level 2.1 Axes
 + Level 2.1 Maces & Flails
 + Level 2.1 Polearms
 + Level 2.1 Staves
 + Level 2.1 Ranged Weapons
 + Level 2.1 Throwing
 + Level 2.1 Armour
 + Level 5.1 Dodging
 + Level 4.7 Stealth
 + Level 2.1 Shields
 + Level 2.1 Unarmed Combat
 + Level 5.4 Spellcasting
 + Level 1.7 Conjurations
 + Level 1.7 Hexes
 + Level 1.7 Summonings
 + Level 1.7 Necromancy
 + Level 1.7 Translocations
 + Level 1.7 Fire Magic
 + Level 7.3 Ice Magic
 + Level 1.7 Air Magic
 + Level 1.7 Earth Magic
 + Level 1.7 Alchemy
 + Level 2.4 Invocations
 + Level 2.1 Evocations
 + Level 2.0 Shapeshifting


You had 8 spell levels left.
You knew the following spells:

 Your Spells              Type           Power      Damage    Failure   Level
a - Freeze                Ice            96%        1d10      1%          1
b - Frozen Ramparts       Ice            48%        1d8       2%          3
c - Summon Ice Beast      Ice/Summ       16%        N/A       8%          3

Your spell library contained the following spells:

 Spells                   Type           Power      Damage    Failure   Level
 Ozocubu's Armour         Ice            24%        N/A       2%          3
 Hailstorm                Conj/Ice       16%        3d6       8%          3
 Apportation              Tloc           16%        N/A       9%          1
 Necrotise                Necr           32%        1d5       9%          1
 Sting                    Conj/Alch      32%        1d5       9%          1
 Summon Small Mammal      Summ           32%        N/A       9%          1
 Static Discharge         Conj/Air       16%        3-4/arc   12%         2
 Airstrike                Air            4%         2d(1-17)  63%         4
 Summon Lightning Spire   Summ/Air       8%         N/A       63%         4


Dungeon Overview and Level Annotations

Branches:
Dungeon (4/15)
 Temple: D:4-7

Altars:
Gozag
Makhleb
Nemelex Xobeh

Annotations:
D:4 Dowan, Duvessa


Innate Abilities, Weirdness & Mutations

You have very sharp teeth.
Your uncanny sense of smell can sniff out nearby items.
Your experience applies equally to all skills.


Message History

The walls around you are covered in ice.
You feel sick.
The wall freezes the iguana.
The iguana seems to slow down.
The wall freezes the adder.
The adder seems to slow down.
The adder bites you but does no damage.
You hit the adder but do no damage.
The adder is severely wounded.
You feel sick.
You are no longer poisoned.
The wall freezes the adder.
You kill the adder!
You aren't carrying any items that you can evoke.
You hit the iguana.
The iguana is moderately wounded.
The iguana is no longer moving slowly.
The wall freezes the iguana.
The iguana bites you.
Duvessa says, "Practise, practise, practise!
One day you'll be as good as me."
Dowan shouts!
You hit the iguana.
The iguana is almost dead.
The wall freezes the iguana.
You kill the iguana!
The wall freezes Duvessa but does no damage.
Your Shapeshifting skill increases to level 2!
You hit Duvessa but do no damage.
The wall freezes Duvessa but does no damage.
Duvessa misses you.
You hit Duvessa but do no damage.
The wall freezes Duvessa but does no damage.
Duvessa hits you with a +0 rapier!
* * * LOW HITPOINT WARNING * * *
You closely miss Duvessa. Your bite misses Duvessa.
The wall freezes Duvessa but does no damage.
Duvessa hits you with a +0 rapier!
* * * LOW HITPOINT WARNING * * *
Dowan casts a spell at Duvessa.
Duvessa seems to speed up.
The wall freezes Duvessa but does no damage.
Duvessa hits you with a +0 rapier!
You die...
Your body crumbles into a pile of gold.

....e.............###....##
...............#...........
#............###.##......#
.##.....##..# #..........#
.......e)...#####..........
<.....##.....#......#....>.
#...# ##..................
##. ##e$...##..........
#@#.$#####........ ###....#
...... ∆ #......# ......
##........#.##.
#........### #.....####
....... #.......


You could see Duvessa (fast) and Dowan.

Vanquished Creatures
  2 orc priests
  A sleepcap (D:4)
  An iguana (D:4)
  2 orc wizards
  Terence (D:3)
  Robin (D:2)
  4 gnolls (D:3)
  5 adders
  3 dart slugs
  6 orcs
  4 bats
  9 endoplasms
  A giant cockroach (D:2)
  9 goblins
  7 hobgoblins
  7 jackals
  3 quokkas
  6 ball pythons
  3 frilled lizards
  6 kobolds
  8 rats
89 creatures vanquished.

Notes
Turn   | Place    | Note
-------+----------+-------------------------------------------
     0 | D:1      | 0gre the Gnoll Ice Elementalist began the quest for the
                  | Orb.
     0 | D:1      | Reached XP level 1. HP: 13/13 MP: 6/6
    98 | D:1      | Reached XP level 2. HP: 6/19 MP: 3/7
   631 | D:2      | Reached skill level 5 in Spellcasting
   631 | D:2      | Reached XP level 3. HP: 25/25 MP: 6/9
   789 | D:2      | Reached skill level 1 in Invocations
   855 | D:2      | Learned a level 3 spell: Frozen Ramparts
   940 | D:2      | Reached skill level 1 in Fighting
   940 | D:2      | Reached skill level 1 in Short Blades
   940 | D:2      | Reached skill level 1 in Long Blades
   940 | D:2      | Reached skill level 1 in Axes
   940 | D:2      | Reached skill level 1 in Maces & Flails
   940 | D:2      | Reached skill level 1 in Polearms
   940 | D:2      | Reached skill level 1 in Staves
   940 | D:2      | Reached skill level 1 in Ranged Weapons
   940 | D:2      | Reached skill level 1 in Throwing
   940 | D:2      | Reached skill level 1 in Armour
   940 | D:2      | Reached skill level 1 in Shields
   940 | D:2      | Reached skill level 1 in Unarmed Combat
   940 | D:2      | Reached skill level 1 in Evocations
  1093 | D:2      | Reached skill level 1 in Shapeshifting
  1093 | D:2      | Reached XP level 4. HP: 32/32 MP: 11/11
  1119 | D:2      | Noticed Robin
  1140 | D:2      | Killed Robin
  1141 | D:2      | Reached skill level 1 in Conjurations
  1141 | D:2      | Reached skill level 1 in Hexes
  1141 | D:2      | Reached skill level 1 in Summonings
  1141 | D:2      | Reached skill level 1 in Necromancy
  1141 | D:2      | Reached skill level 1 in Translocations
  1141 | D:2      | Reached skill level 1 in Fire Magic
  1141 | D:2      | Reached skill level 1 in Air Magic
  1141 | D:2      | Reached skill level 1 in Earth Magic
  1141 | D:2      | Reached skill level 1 in Alchemy
  1553 | D:3      | Found a faded altar of an unknown god.
  1749 | D:3      | Reached XP level 5. HP: 37/37 MP: 8/12
  1883 | D:3      | Noticed Terence
  1901 | D:3      | Killed Terence
  2085 | D:3      | Found a sparkling altar of Nemelex Xobeh.
  2293 | D:3      | Reached XP level 6. HP: 44/44 MP: 11/13
  2372 | D:3      | Found a burning altar of Makhleb.
  2377 | D:3      | Learned a level 3 spell: Summon Ice Beast
  2477 | D:3      | Found an opulent altar of Gozag.
  2502 | D:3      | Became a worshipper of Gozag Ym Sagoz the Greedy
  2621 | D:4      | Reached skill level 5 in Dodging
  2673 | D:4      | Noticed Duvessa
  2682 | D:4      | Noticed Dowan
  2728 | D:4      | Slain by Duvessa

Illustrated notes

Levels and vault maps discovered:
D:1:      zelgadis_glass_arrival_small, layout_rooms, st_stairs_1,
          kennysheep_doodads, serial_bayou_pond_d
D:2:      layout_basic, minmay_ruptured, uniq_robin
D:3:      cheibrodos_pilgrimage, layout_loops_corners,
          nemelex_dance_club_becter, nicolae_gozag_seed_capital,
          lemuel_crystal_altar, chequers_ecumenical_altar_lobes, minmay_unequal,
          uniq_terence
D:4:      black_bear_nest_2, layout_cave_pools,
          nicolae_ossuary_entry_false_entrances, serial_park_tiny_pond,
          uniq_duvessa

Skill      XL: |  1  2  3  4  5  6 |
---------------+-------------------+-----
Spellcasting   | 5 |  5.4
Invocations    | 1 2 |  2.4
Fighting       | 1 2 |  2.1
Short Blades   | 1 2 |  2.1
Long Blades    | 1 2 |  2.1
Axes           | 1 2 |  2.1
Maces & Flails | 1 2 |  2.1
Polearms       | 1 2 |  2.1
Staves         | 1 2 |  2.1
Ranged Weapons | 1 2 |  2.1
Throwing       | 1 2 |  2.1
Armour         | 1 2 |  2.1
Shields        | 1 2 |  2.1
Unarmed Combat | 1 2 |  2.1
Evocations     | 1 2 |  2.1
Shapeshifting  | 1 2 |  2.0
Conjurations   | 1 |  1.7
Hexes          | 1 |  1.7
Summonings     | 1 |  1.7
Necromancy     | 1 |  1.7
Translocations | 1 |  1.7
Fire Magic     | 1 |  1.7
Air Magic      | 1 |  1.7
Earth Magic    | 1 |  1.7
Alchemy        | 1 |  1.7
Dodging        | 5 |  5.1
Stealth        | |  4.7
Ice Magic      | |  7.3

Action                     |  1- 3 |  4- 6 || total
---------------------------+-------+-------++-------
  Melee: Dagger            |    24 |       ||    24
         Bite              |     8 |    10 ||    18
         Unarmed           |     1 |       ||     1
         Short sword       |    58 |    45 ||   103
         Punch             |       |     2 ||     2
         Falchion          |       |    32 ||    32
   Fire: Sling             |       |    60 ||    60
  Throw: Dart              |     1 |     2 ||     3
   Cast: Freeze            |    20 |     4 ||    24
         Frozen Ramparts   |     2 |    11 ||    13
    Use: Scroll            |       |     3 ||     3
   Stab: Sleeping          |     5 |     1 ||     6
 Armour: Robe              |    60 |    34 ||    94
         Skin              |     1 |       ||     1
  Dodge: Dodged            |    76 |    52 ||   128
